 Dungeon Crawl Stone Soup version 0.27-a0-637-g3a9f0a9c12 (webtiles) character file.

Game seed: 6780175384705151593

533 shoop the Chopper (level 7, -1/60 HPs)
             Began as a Palentonga Abyssal Knight on Mar 14, 2021.
             Was a Priest of Lugonu.
             Slain by Prince Ribbit (12 damage)
             ... on level 5 of the Dungeon.
             The game lasted 00:11:46 (6325 turns).

shoop the Chopper (Palentonga Abyssal Knight)       Turns: 6325, Time: 00:11:46

Health: -1/60      AC: 11    Str: 16      XL:     7   Next: 4%
Magic:  8/8        EV:  9    Int: 12      God:    Lugonu [***...]
Gold:   52         SH:  0    Dex: 10 (11) Spells: 6/6 levels left

rFire    . . .     SeeInvis +   o - +0 war axe
rCold    . . .     Faith    .   (no shield)
rNeg     + . .     Spirit   .   b - +0 leather armour
rPois    .         Reflect  .   (no helmet)
rElec    .         Harm     .   (no cloak)
rCorr    .         Rampage  .   (no gloves)
Will     .....                  (no barding)
Stlth    +.........             (no amulet)
HPRegen  0.20/turn              c - ring of positive energy
MPRegen  0.11/turn              (no ring)

@: curled up
A: large, rugged brown scales 3, see invisible, deformed body, roll 1, armoured
tail, reflexive curl
a: Rolling Charge, Renounce Religion, Depart the Abyss, Bend Space, Banish


You were on level 5 of the Dungeon.
You worshipped Lugonu.
Lugonu was most pleased with you.
You visited 1 branch of the dungeon, and saw 5 of its levels.
You visited the Abyss 1 time.

You collected 182 gold pieces.
You spent 130 gold pieces at shops.

Inventory:

Hand Weapons
 a - a +1 hand axe
 o - a +0 war axe (weapon)
Missiles
 f - 31 poisoned darts (quivered)
Armour
 b - a +0 leather armour (worn)
Jewellery
 c - a ring of positive energy (right hand)
 n - a ring of fire
Wands
 d - a wand of digging (4)
 s - a wand of acid (4)
Scrolls
 e - a scroll of torment
 g - a scroll of fog
 h - 2 scrolls of blinking
 j - a scroll of amnesia
 k - a scroll of enchant weapon {unknown}
 l - 2 scrolls of teleportation
 p - a scroll of fear
 q - a scroll of magic mapping
 r - a scroll of enchant armour
Potions
 i - 2 potions of flight
 m - a potion of invisibility {unknown}
 v - a potion of attraction {unknown}


   Skills:
 - Level 3.0 Fighting
 + Level 7.3 Axes
 - Level 1.5 Armour
 - Level 0.7 Dodging
 - Level 2.0 Invocations
 + Level 1.8 Evocations


You had 6 spell levels left.
You didn't know any spells.
Your spell library was empty.

Dungeon Overview and Level Annotations

Branches:
Dungeon (5/15)
 Temple: D:4-7

Altars:
Ashenzari
Cheibriados
Dithmenos
Okawaru
Wu Jian
Xom

Shops:
D:4 ?

Annotations:
D:5 Prince Ribbit


Innate Abilities, Weirdness & Mutations

You are completely covered in rugged brown scales. (AC +3, +7% HP)
You have supernaturally acute eyesight. (SInv)
Armour fits poorly on your strangely shaped body.
You can roll at nearby foes to attack.
You have a long armoured tail.
You curl defensively after being hit.


Message History

You slash the iron imp!
The iron imp is heavily wounded.
You feel very sick.
You hear a loud, deep croak!
Prince Ribbit comes into view.
The iron imp hits you but does no damage.
You closely miss the iron imp.
The iron imp is heavily wounded.
You feel sick.
The iron imp hits you but does no damage.
You closely miss the iron imp.
The iron imp is heavily wounded.
You barely miss the worker ant zombie.
You feel sick.
The worker ant zombie barely misses you.
You barely miss the iron imp.
The iron imp is heavily wounded.
You completely miss the worker ant zombie.
You feel sick. The iron imp closely misses you.
The worker ant zombie bites you.
You barely miss the iron imp.
The iron imp is heavily wounded.
You hit the worker ant zombie. You barely miss Prince Ribbit.
You feel sick.
Prince Ribbit hits you but does no damage.
The iron imp barely misses you.
The worker ant zombie bites you but does no damage.
Prince Ribbit hits you!
You feel better. Prince Ribbit barely misses you.
The worker ant zombie bites you. The iron imp barely misses you.
Prince Ribbit hits you.
* * * LOW HITPOINT WARNING * * *
Prince Ribbit lets out a mournful croak.
Prince Ribbit hits you!
* * * LOW HITPOINT WARNING * * *
You feel much better. Prince Ribbit hits you!
* * * LOW HITPOINT WARNING * * *
The worker ant zombie barely misses you.
Prince Ribbit hits you.
* * * LOW HITPOINT WARNING * * *
Prince Ribbit hits you!
You die...

#...........# #.#
#...........# #.#
#..##.####..# #.# #..
#.# #..# ###.### ...
..# #..# #.....# ###
#### #..#
#######.###.### #..#
##.......###....
#..###...####.....###
#...@F....# #.....###
##.###Z..## #.....##.
#.###.5## #.....##.
###.....# #.....##.
#.....# ###.#####
...###.....#### #.# #
#............# #. #
#............# #
#......_......# #


You could see Prince Ribbit, an iron imp and a worker ant zombie.

Vanquished Creatures
  A quasit (D:2)
  2 hounds
  An orc priest (D:4)
  3 orc wizards (D:4)
  3 worker ants (D:4)
  8 gnolls
  6 adders
  A shadow imp (D:5)
  3 oozes
  A worm (D:2)
  5 dart slugs
  2 leopard geckos
  13 orcs
  8 bats
  3 giant cockroaches
  2 goblins (D:3)
  8 hobgoblins
  6 jackals
  9 kobolds
  2 quokkas
  5 frilled lizards
  13 rats
105 creatures vanquished.

Notes
Turn   | Place    | Note
-------+----------+-------------------------------------------
     0 | Abyss:1  | shoop the Palentonga Abyssal Knight began the quest for the
                  | Orb.
     0 | Abyss:1  | Reached XP level 1. HP: 20/20 MP: 2/2
    31 | Abyss:2  | Noticed a white draconian
    38 | Abyss:2  | Noticed an eidolon
    39 | D:1      | Escaped the Abyss
   196 | D:1      | Reached XP level 2. HP: 26/27 MP: 3/3
   199 | D:1      | Reached * piety under Lugonu
   286 | D:1      | Reached skill level 3 in Axes
   402 | D:1      | Reached XP level 3. HP: 26/33 MP: 4/4
   868 | D:2      | Found a shimmering altar of Xom.
  1106 | D:2      | Lost dexterity.
  1123 | D:2      | Reached skill level 4 in Axes
  1123 | D:2      | Reached XP level 4. HP: 6/40 MP: 5/5
  2239 | D:3      | Reached skill level 5 in Axes
  2460 | D:3      | Reached ** piety under Lugonu
  2952 | D:3      | Reached XP level 5. HP: 34/48 MP: 6/6
  3222 | D:3      | Found an iron altar of Okawaru.
  3825 | D:4      | Reached skill level 6 in Axes
  3932 | D:4      | Reached XP level 6. HP: 31/54 MP: 7/7
  4454 | D:4      | Found Ofyxkoh's Magic Scroll Shop.
  4463 | D:4      | Bought a scroll of teleportation for 30 gold pieces
  4463 | D:4      | Bought a scroll of fear for 35 gold pieces
  4463 | D:4      | Bought a scroll of magic mapping for 35 gold pieces
  4785 | D:4      | Reached skill level 7 in Axes
  4959 | D:4      | Reached skill level 1 in Evocations
  5684 | D:4      | Reached *** piety under Lugonu
  5806 | D:4      | Found a broken altar of Ashenzari.
  5809 | D:4      | Found an ornate altar of the Wu Jian Council.
  5811 | D:4      | Found a shadowy altar of Dithmenos.
  6004 | D:4      | Bought a scroll of random uselessness for 10 gold pieces
  6007 | D:4      | Bought a scroll of identify for 20 gold pieces
  6036 | D:5      | Entered Level 5 of the Dungeon
  6118 | D:5      | Gained mutation: You curl defensively after being hit.
                  | [Palentonga growth]
  6118 | D:5      | Reached XP level 7. HP: 54/60 MP: 8/8
  6311 | D:5      | Found a snail-covered altar of Cheibriados.
  6312 | D:5      | Noticed Prince Ribbit
  6325 | D:5      | Slain by Prince Ribbit

Illustrated notes

Levels and vault maps discovered:
D:1:      dpeg_arrival_pits, layout_loops_ring
D:2:      layout_rooms, brannock_xom_greatest_gift
D:3:      layout_basic, okawaru_gym_becter, hangedman_abyss_or_decor_stabs
D:4:      layout_loops_ring, grunt_temple_overflow_diamond, serial_shops,
          nicolae_shop_waterfront
D:5:      layout_loops_ring, slow_altar_1, nicolae_overflow_crystal_walls,
          vehumet_altar_wand_db, uniq_prince_ribbit1

Skill      XL: |  1  2  3  4  5  6 |
---------------+-------------------+-----
Axes           | 3 4 5 6 7 |  7.3
Evocations     | 1 |  1.8
Fighting       | |  3.0
Armour         | |  1.5
Dodging        | |  0.7
Invocations    | |  2.0

Action                   |  1- 3 |  4- 6 |  7- 9 || total
-------------------------+-------+-------+-------++-------
Melee: Hand axe          |   102 |   221 |       ||   323
       Tailslap          |     2 |    19 |     2 ||    23
       War axe           |       |    87 |    15 ||   102
Throw: Dart              |     4 |    48 |       ||    52
Invok: Depart the Abyss  |     1 |       |       ||     1
 Abil: Rolling Charge    |     2 |    16 |     1 ||    19
  Use: Potion            |     4 |       |     2 ||     6
       Scroll            |     1 |     5 |     1 ||     7
Armor: Leather armour    |    65 |    77 |     6 ||   148
       Skin              |    42 |       |       ||    42
Dodge: Dodged            |    73 |   126 |    13 ||   212

Table legend: (Time is in decaauts)
 A = Elapsed time spent in this place.
 B = Non-inter-level travel time spent in this place.
 C = Inter-level travel time spent in this place.
 D = Time resting spent in this place.
 E = Time spent auto-exploring this place.
 F = Levels seen in this place.
 G = Mean time per level.
                   A        B        C        D        E       F      G
               +--------+--------+--------+--------+--------+-----+--------+
         Total |   6467 |   6353 |    114 |    923 |   4428 |   7 |  923.9 |
       Dungeon |   6429 |   6315 |    114 |    923 |   4412 |   5 | 1285.8 |
         Abyss |     38 |     38 |      0 |      0 |     16 |   2 |   19.0 |
               +--------+--------+--------+--------+--------+-----+--------+

Top non-repeatable levels by time:
     D:4: 2298 daAuts
     D:3: 1593 daAuts
     D:2: 1409 daAuts
     D:1: 836 daAuts
     D:5: 292 daAuts
 Abyss:1: 25 daAuts
 Abyss:2: 12 daAuts
